 Dungeon Crawl Stone Soup version 0.24-a0-416-g56ce5178b7 (webtiles) character file.

Game seed: 642133346108484034

378 MachJacob the Skirmisher (level 6, -6/62 HPs)
             Began as an Ogre Arcane Marksman on June 9, 2019.
             Blown up by Ijyb (18 damage)
             ... with a disintegration bolt
             ... on level 2 of the Dungeon.
             The game lasted 00:15:41 (5306 turns).

MachJacob the Skirmisher (Ogre Arcane Marksman)     Turns: 5306, Time: 00:15:42

Health: -6/62      AC:  3    Str: 15    XL:     6   Next: 74%
Magic:  9/9        EV: 10    Int: 14    God:
Gold:   97         SH:  0    Dex: 11    Spells: 4/9 levels left

rFire    . . .     SeeInvis .   a - +1 whip (venom)
rCold    . . .     Gourm    .   (no shield)
rNeg     . . .     Faith    .   l - +0 robe
rPois    .         Spirit   .   (helmet restricted)
rElec    .         Reflect  .   (no cloak)
rCorr    .         Harm     .   (gloves unavailable)
MR       .....                  (boots unavailable)
Stlth    +.........             (no amulet)
HPRegen  0.20/turn              (no ring)
MPRegen  0.11/turn              (no ring)

@: no status effects
A: large, unfitting armour, tough skin 1
a: no special abilities


You were on level 2 of the Dungeon.
You were not hungry.

You visited 1 branch of the dungeon, and saw 3 of its levels.

You collected 97 gold pieces.

Inventory:

Hand Weapons
 a - a +1 whip of venom (weapon)
Missiles
 c - 4 large rocks
 d - 2 throwing nets {!f}
 h - 4 poisoned darts (quivered)
 j - 166 stones
Armour
 l - a +0 robe (worn)
Wands
 q - a wand of flame (10)
Scrolls
 g - a scroll of fog {unknown}
 k - a scroll of remove curse {unknown}
 p - a scroll of fear
Potions
 b - a potion of flight
 e - a potion of ambrosia
 i - a potion of haste {unknown}
 m - 3 potions of curing
 n - a potion of berserk rage {unknown}
 o - 2 potions of lignification {unknown}
Comestibles
 f - 7 rations


   Skills:
 + Level 4.0 Fighting
 * Level 3.4 Maces & Flails
 + Level 3.8 Throwing
 - Level 1.7 Dodging
 - Level 2.0 Spellcasting
 * Level 3.4 Hexes


You had 4 spell levels left.
You knew the following spells:

 Your Spells              Type           Power        Failure   Level  Hunger
a - Corona                Hex            ##.....      6%          1    ##.....
b - Cause Fear            Hex            ##........   50%         4    #####..

Your spell library contained the following spells:

 Spells                   Type           Power        Failure   Level  Hunger
 Slow                     Hex            ##......     9%          2    ###....
 Inner Flame              Hex/Fire       #.......     34%         3    ####...
 Portal Projectile        Hex/Tloc       #.....       34%         3    ####...
 Leda's Liquefaction      Hex/Erth       #.........   75%         4    #####..


Dungeon Overview and Level Annotations

Branches:
Dungeon (3/15)

Altars:
Uskayaw

Annotations:
D:2 Ijyb


Innate Abilities, Weirdness & Mutations

You are too large for most types of armour.
You have tough skin. (AC +1)


Message History

You throw a poisoned dart. The poisoned dart closely misses Ijyb.
Throwing (i - inventory. (/) - cycle)
h - 7 poisoned darts (quivered)
Press: ? - help, Shift-Dir - straight line, f/p - Ijyb
Aim: Ijyb, wielding a +0 dagger, wearing a +0 ring mail and carrying a wand of disintegration (13)
You throw a poisoned dart. The poisoned dart barely misses Ijyb.
Throwing (i - inventory. (/) - cycle)
h - 6 poisoned darts (quivered)
Press: ? - help, Shift-Dir - straight line, f/p - Ijyb
Aim: Ijyb, wielding a +0 dagger, wearing a +0 ring mail and carrying a wand of disintegration (13)
You throw a poisoned dart. The poisoned dart closely misses Ijyb.
Throwing (i - inventory. (/) - cycle)
h - 5 poisoned darts (quivered)
Press: ? - help, Shift-Dir - straight line, f/p - Ijyb
Aim: Ijyb, wielding a +0 dagger, wearing a +0 ring mail and carrying a wand of disintegration (13)
You throw a poisoned dart. The poisoned dart hits Ijyb!
Ijyb is poisoned.
Ijyb zaps a wand.
You are blasted!
Ijyb zaps a wand.
You are blasted!
* * * LOW HITPOINT WARNING * * *
Ijyb zaps a wand.
You are blasted!
* * * LOW HITPOINT WARNING * * *
Ijyb zaps a wand.
You are blasted!
You die...

****,,,,****,,,#(...#
*,**** **,**#.#(# *
*,********,* #...# *
*,,,,,,,,,,*##g#.## *
*,,********##..#..##
* *,,* #.#...#.# *
*,,* ##...#.## * *,)*
######...## ****,,*
#..[.@..## ,,,,,,*
#.#####.# ****,** *,*
#.# * *<* *,* #.# *
*,* *,* #.# * *,* *,*
#.# ** *,* *)* #.# ,*
*,* #.#####.## ,*
*,*****##........#


You could see Ijyb.

Vanquished Creatures
  A scorpion (D:2)
  2 jellies (D:3)
  2 orc priests (D:3)
  Robin (D:3)
  5 adders (D:2 D:3)
  8 oozes (D:3)
  3 dart slugs (D:1 D:2 D:3)
  2 leopard geckos (D:2 D:3)
  4 orcs (D:3 D:2)
  10 bats (D:1 D:2 D:3)
  4 giant cockroaches (D:1 D:2 D:3)
  14 goblins (D:1 D:2 D:3)
  13 hobgoblins (D:1 D:2 D:3)
  5 jackals (D:2)
  2 quokkas (D:2 D:3)
  4 frilled lizards (D:1 D:3)
  22 kobolds (D:1 D:2 D:3)
  7 rats (D:1 D:2 D:3)
109 creatures vanquished.

Vanquished Creatures (others)
  10 toadstools (D:3)
10 creatures vanquished.

Grand Total: 119 creatures vanquished

Notes
Turn   | Place    | Note
-------+----------+-------------------------------------------
     0 | D:1      | MachJacob the Ogre Arcane Marksman began the quest for the
                  | Orb.
     0 | D:1      | Reached XP level 1. HP: 19/19 MP: 2/2
    19 | D:1      | Noticed a minotaur skeleton
   353 | D:1      | Reached XP level 2. HP: 11/28 MP: 0/4
  1117 | D:1      | Reached skill level 2 in Fighting
  1268 | D:1      | Reached XP level 3. HP: 35/35 MP: 5/5
  1886 | D:2      | Found a hide-covered altar of Uskayaw.
  1923 | D:2      | Reached skill level 1 in Maces & Flails
  1996 | D:2      | Reached XP level 4. HP: 42/42 MP: 4/7
  2462 | D:3      | Noticed Ijyb
  2577 | D:3      | Noticed Robin
  2941 | D:2      | Reached skill level 3 in Fighting
  2941 | D:2      | Reached XP level 5. HP: 45/53 MP: 8/8
  3455 | D:3      | Reached XP level 6. HP: 46/61 MP: 9/9
  3463 | D:3      | Learned a level 4 spell: Cause Fear
  3501 | D:2      | HP: 1/61 [disintegration (32)]
  3897 | D:3      | Killed Robin
  5127 | D:3      | Reached skill level 4 in Fighting
  5306 | D:2      | Blown up by Ijyb

Levels and vault maps discovered:
D:1:      shiori_arrival_whats_in_store_for_you, layout_rooms,
          roderic_serpentine_path
D:2:      layout_loops_ring, eat_drink_and_be_merry_uskayaw
D:3:      cheibrodos_fertilizer, layout_basic, uniq_ijyb, uniq_robin

Skill      XL: |  1  2  3  4  5  6 |
---------------+-------------------+-----
Fighting       | 2 3 4 |  4.0
Spellcasting   | 2 |  2.0
Hexes          | 3 |  3.4
Maces & Flails | 1 2 3 |  3.4
Throwing       | 3 |  3.8
Dodging        | |  1.7

Action                   |  1- 3 |  4- 6 || total
-------------------------+-------+-------++-------
Melee: Unarmed           |    90 |       ||    90
       Whip              |    77 |   192 ||   269
       Dagger            |    17 |       ||    17
       Mace              |     2 |       ||     2
Throw: Stone             |    39 |    76 ||   115
       Dart              |       |     5 ||     5
 Cast: Corona            |     6 |       ||     6
  Use: Scroll            |     3 |     2 ||     5
 Stab: Sleeping          |       |     2 ||     2
  Eat: Chunk             |     4 |    10 ||    14
Armor: Robe              |    65 |    38 ||   103
Dodge: Dodged            |   112 |   109 ||   221

Table legend:
 A = Non-vault XP
 B = Vault XP
 C = Vault XP percentage of total XP
 D = Non-vault monster count
 E = Vault monster count
 F = Vault count percentage of total count
                 A         B        C        D         E       F
            +---------+---------+-------+---------+---------+-------
      Total |     348 |     192 |  35.6 |      79 |      30 |  27.5
            +---------+---------+-------+---------+---------+-------
        D:1 |      36 |       0 |   0.0 |      23 |       0 |   0.0
        D:2 |     160 |      12 |   7.0 |      31 |       6 |  16.2
        D:3 |     152 |     180 |  54.2 |      25 |      24 |  49.0
            +---------+---------+-------+---------+---------+-------
